 Dungeon Crawl Stone Soup version 0.28.0-53-g5a82cb258f (webtiles) character file.

Game seed: 15215309006021193876

58 issech the Chopper (level 3, -7/33 HPs)
             Began as a Minotaur Monk on June 17, 2022.
             Mangled by Sigmund
             ... wielding a +0 scythe
              (9 damage)
             ... on level 2 of the Dungeon.
             The game lasted 00:06:09 (2461 turns).

issech the Chopper (Minotaur Monk)                  Turns: 2461, Time: 00:06:10

Health: -7/33      AC:  6    Str: 15    XL:     3   Next: 76%
Magic:  0/11       EV: 12    Int:  7    God:
Gold:   60         SH:  0    Dex: 14    Spells: 2/2 levels left

rFire   . . .      SeeInvis .   h - +0 trident
rCold   . . .      Faith    .   (no shield)
rNeg    . . .      Spirit   +   c - +0 ring mail
rPois   .          Reflect  .   (helmet restricted)
rElec   .          Harm     .   (no cloak)
rCorr   .          Rampage  .   (no gloves)
Will    .....                   b - +0 pair of boots
Stlth   ..........              n - amulet of guardian spirit
HPRegen 0.11/turn               m - ring of magical power
MPRegen 0.12/turn               (no ring)

@: confused
A: horns 2, retaliatory headbutt
a: no special abilities


You were on level 2 of the Dungeon.
You visited 1 branch of the dungeon, and saw 2 of its levels.

You collected 60 gold pieces.

Inventory:

Hand Weapons
 a - a +0 hand axe
 h - a +0 trident (weapon)
Missiles
 d - 81 stones
 e - 15 bolts
 f - 2 boomerangs (quivered)
 g - 11 poisoned darts
 k - 5 atropa-tipped darts
 o - 27 sling bullets
Armour
 b - a +0 pair of boots (worn)
 c - a +0 ring mail (worn)
Jewellery
 m - a ring of magical power (left hand)
 n - an amulet of guardian spirit (around neck)
Scrolls
 i - 2 scrolls of identify {unknown}
 j - 2 scrolls of amnesia {unknown}
 l - a scroll of enchant armour {unknown}
Potions
 p - 2 potions of haste {unknown}
 q - a potion of degeneration {unknown}


   Skills:
 + Level 4.0 Fighting
 + Level 4.5 Axes
 + Level 1.3 Armour
 + Level 3.9 Dodging
 + Level 1.6 Stealth


You had 2 spell levels left.
You didn't know any spells.
Your spell library was empty.

Dungeon Overview and Level Annotations

Branches:
Dungeon (2/15)

Altars:

Shops:
D:2 =

Annotations:
D:2 1 runed translucent door, Crazy Yiuf, Sigmund


Innate Abilities, Weirdness & Mutations

You have a pair of horns on your head.
You reflexively headbutt those who attack you in melee.


Message History

Unknown command.
Reach: h) +0 trident
Press: ? - help, Dir - move target, f/p - Sigmund
Aim: Sigmund, wielding a +0 scythe and wearing a +0 robe (heavily wounded, about 43% to evade your +0 trident)
You reach to attack!
You hit Sigmund but do no damage.
Sigmund is heavily wounded.
Sigmund closely misses you.
Reach: h) +0 trident
Press: ? - help, Dir - move target, f/p - Sigmund
Aim: Sigmund, wielding a +0 scythe and wearing a +0 robe (heavily wounded, about 43% to evade your +0 trident)
You reach to attack!
You hit Sigmund.
Sigmund is severely wounded.
Sigmund hits you from afar with a +0 scythe.
Reach: h) +0 trident
Press: ? - help, Dir - move target, f/p - Sigmund
Aim: Sigmund, wielding a +0 scythe and wearing a +0 robe (severely wounded, about 43% to evade your +0 trident)
You reach to attack!
You hit Sigmund.
Sigmund is almost dead.
Sigmund hits you from afar with a +0 scythe!
* * * LOW HITPOINT WARNING * * *
Sigmund gestures wildly while chanting.
Sigmund flickers and vanishes!
You are confused.
You bump into the rock wall.
You're too confused to move!
You bump into the rock wall.
A magic dart appears from out of thin air!
The magic dart hits you.
* * * LOW HITPOINT WARNING * * *
Unknown command.
You feel less confused. Something hits you!
* * * LOW HITPOINT WARNING * * *
You hear some strange, mumbled words.
Something tries to affect you, but you resist.
You hear some strange, mumbled words.
You are confused.
You bump into the rock wall.
You bump into the rock wall.
Something hits you!
You die...

#.........+.........+.
#..>....###.........##
#.......# #.......#
#.......# ##.....#
####.#### ##.....##
#.# ##.###.###### #.#
#.#####.##...
#.#####.##.##.....#
#.@.{...#.#.#.##..#
########.#.#.......
##......##.#
###...###.. ##..# ###
#..# #..##### #.......
#.######


There were no monsters in sight!

Vanquished Creatures
  3 adders (D:2)
  A dart slug (D:1)
  4 bats (D:1)
  3 giant cockroaches
  5 goblins
  A hobgoblin (D:2)
  A quokka (D:2)
  5 ball pythons (D:1)
  A frilled lizard (D:2)
  3 kobolds (D:1)
  4 rats
31 creatures vanquished.

Vanquished Creatures (others)
  A fungus (D:2)
1 creature vanquished.

Grand Total: 32 creatures vanquished

Notes
Turn   | Place    | Note
-------+----------+-------------------------------------------
     0 | D:1      | issech the Minotaur Monk began the quest for the Orb.
     0 | D:1      | Reached XP level 1. HP: 19/19 MP: 0/0
   393 | D:1      | Reached XP level 2. HP: 27/27 MP: 1/1
  1036 | D:1      | Found a faded altar of an unknown god.
  1114 | D:2      | Found a runed translucent door.
  1115 | D:2      | Noticed Crazy Yiuf
  1262 | D:2      | Reached XP level 3. HP: 20/33 MP: 2/2
  1504 | D:2      | Found Helaamn's Jewellery Shop.
  1560 | D:2      | Noticed Sigmund
  1586 | D:2      | HP: 1/33 [Sigmund/puff of flame (7)]
  1899 | D:2      | Reached skill level 1 in Armour
  2452 | D:2      | HP: 1/33 [something (6)]
  2461 | D:2      | Mangled by Sigmund

Illustrated notes

Levels and vault maps discovered:
D:1:      roderic_chinese_lattice_arrival, layout_loops_ring,
          shapermc_ecumenical_altar_mp_vishouse, minmay_heptomino_o4
D:2:      layout_loops_corners, serial_shops, nicolae_shop_crystal,
          uniq_crazy_yiuf_cottage, uniq_sigmund

Skill      XL: |  1  2  3 |
---------------+----------+-----
Axes           | 4 |  4.5
Fighting       | 4 |  4.0
Armour         | 1 |  1.3
Dodging        | |  3.9
Stealth        | |  1.6

Action                   || total
-------------------------++-------
Melee: Hand axe          ||    46
       Headbutt          ||    11
       Punch             ||     2
       Trident           ||    45
Throw: Boomerang         ||     6
Armor: Ring mail         ||    34
Dodge: Dodged            ||    57
